 Dungeon Crawl Stone Soup version 0.26-a0-228-g29f007ebfe (webtiles) character file.

Game seed: 9034033944411100307

88 tilp the Sneak (level 4, 0/21 HPs)
             Began as a Spriggan Enchanter on July 7, 2020.
             Killed from afar by a hobgoblin (21 damage)
             ... with an iceblast
             ... on level 3 of the Dungeon.
             The game lasted 00:04:31 (2924 turns).

tilp the Sneak (Spriggan Enchanter)                 Turns: 2924, Time: 00:04:32

Health: 0/21       AC:  5    Str:  4    XL:     4   Next: 30%
Magic:  2/9        EV: 18    Int: 17    God:
Gold:   122        SH:  0    Dex: 16    Spells: 5/8 levels left

rFire    . . .     SeeInvis +   a - +1 dagger
rCold    . . .     Faith    .   (shield restricted)
rNeg     . . .     Spirit   .   b - +0 robe
rPois    .         Reflect  .   (helmet restricted)
rElec    .         Harm     .   j - +2 cloak
rCorr    .                      (gloves unavailable)
MR       .....                  (boots unavailable)
Stlth    +++.......             (no amulet)
HPRegen  0.07/turn              (no ring)
MPRegen  0.11/turn              (no ring)

@: very quick
A: very small, unfitting armour, see invisible, herbivore, speed 3, slow
metabolism 2
a: no special abilities


You were on level 3 of the Dungeon.
You were not hungry.

You visited 1 branch of the dungeon, and saw 3 of its levels.

You collected 122 gold pieces.

Inventory:

Hand Weapons
 a - a +1 dagger (weapon)
Armour
 b - a +0 robe (worn)
 j - a +2 cloak (worn)
Jewellery
 h - an uncursed ring of protection from magic {unknown}
Scrolls
 c - 2 scrolls of identify
 e - a scroll of random uselessness {unknown}
 f - a scroll of teleportation {unknown}
 i - a scroll of amnesia {unknown}
 k - a scroll of blinking {unknown}
 m - a scroll of magic mapping {unknown}
Potions
 g - 2 potions of haste
 l - a potion of heal wounds
Comestibles
 d - 5 rations


   Skills:
 + Level 3.3 Short Blades
 - Level 3.0 Dodging
 + Level 6.4 Stealth
 - Level 2.6 Spellcasting
 - Level 3.6 Hexes


You had 5 spell levels left.
You knew the following spells:

 Your Spells              Type           Power        Failure   Level
a - Corona                Hex            ##.....      4%          1
b - Ensorcelled Hibernat  Hex/Ice        #.....       13%         2

Your spell library contained the following spells:

 Spells                   Type           Power        Failure   Level
 Confusing Touch          Hex            ##......     12%         3
 Tukima's Dance           Hex            ##......     12%         3
 Dazzling Flash           Conj/Hex       #.....       26%         3


Dungeon Overview and Level Annotations

Branches:
Dungeon (3/15)

Altars:
Zin


Innate Abilities, Weirdness & Mutations

You are very small and have problems with some larger weapons.
You are too small for most types of armour.
You have supernaturally acute eyesight. (SInv)
You are a herbivore.
You cover ground extremely quickly.
You need to consume almost no food.


Message History

The adder resists with some effort.
The adder completely misses you.
Casting: Ensorcelled Hibernation (safe; 13% risk of failure)
Confirm with . or Enter, or press ? or * to list all spells.
Aiming: Ensorcelled Hibernation (safe; 13% risk of failure)
Press: ? - help, Shift-Dir - straight line, f/p - adder
Aim: an adder (chance to defeat MR: 49%)
The adder resists with some effort.
Casting: Ensorcelled Hibernation (safe; 13% risk of failure)
Confirm with . or Enter, or press ? or * to list all spells.
Aiming: Ensorcelled Hibernation (safe; 13% risk of failure)
Press: ? - help, Shift-Dir - straight line, f/p - adder
Aim: an adder (chance to defeat MR: 49%)
The adder looks drowsy...
The helpless adder fails to defend itself.
You impale the adder!!
You kill the adder!
You see here an adder corpse.
The hobgoblin zaps a wand.
The mass of ice explodes!
The iceblast engulfs you!!
Ouch! That really hurt!
You die...

#.....#
#.......##.............
#.....#
###..#####.#########...
#.....# ##.# #.# ####
.......# #.## #.#
.......# #..# #.#
...##### ##.# #.# ...#
#g## #.# #..# #.#
##@###.# #..##.########
######.##..>......
#..........########
#..........†.#
#............#
.............#
..######.#.### . #...#


You could see a hobgoblin.

Vanquished Creatures
  A hound skeleton (D:3)
  4 adders (D:3)
  A worm (D:3)
  A leopard gecko (D:1)
  3 orcs (D:3)
  A giant cockroach (D:1)
  2 goblins (D:2)
  6 hobgoblins
  A jackal (D:3)
  A quokka (D:3)
  2 frilled lizards
  6 kobolds
  5 rats
34 creatures vanquished.

Notes
Turn   | Place    | Note
-------+----------+-------------------------------------------
     0 | D:1      | tilp the Spriggan Enchanter began the quest for the Orb.
     0 | D:1      | Reached XP level 1. HP: 9/9 MP: 5/5
   785 | D:1      | Reached XP level 2. HP: 13/13 MP: 6/6
   789 | D:1      | Learned a level 2 spell: Ensorcelled Hibernation
  1088 | D:2      | Reached skill level 5 in Stealth
  1346 | D:2      | Found a glowing silver altar of Zin.
  1857 | D:2      | You fall into a shaft and drop 1 floor!
  2092 | D:3      | Reached XP level 3. HP: 16/16 MP: 5/8
  2336 | D:3      | Reached skill level 6 in Stealth
  2478 | D:3      | Reached XP level 4. HP: 17/21 MP: 5/9
  2924 | D:3      | Killed from afar by a hobgoblin

Illustrated notes

Levels and vault maps discovered:
D:1:      dpeg_arrival_concentric_ovals, layout_basic
D:2:      layout_loops_ring, lemuel_round_altar
D:3:      layout_basic, first_ration, serial_undead, serial_undead_c,
          serial_undead_b, serial_undead_f, serial_undead_a

Skill      XL: |  1  2  3 |
---------------+----------+-----
Stealth        | 5 6 |  6.4
Short Blades   | 2 3 |  3.3
Dodging        | |  3.0
Spellcasting   | |  2.6
Hexes          | |  3.6

Action                   |  1- 3 |  4- 6 || total
-------------------------+-------+-------++-------
Melee: Dagger            |   100 |    12 ||   112
 Cast: Corona            |     8 |     1 ||     9
       Ensorcelled Hiber |    31 |     7 ||    38
  Use: Scroll            |     2 |       ||     2
       Potion            |       |     1 ||     1
 Stab: Sleeping          |    18 |     2 ||    20
Armor: Robe              |     9 |     1 ||    10
Dodge: Dodged            |    71 |    11 ||    82

Table legend:
 A = Non-vault XP
 B = Vault XP
 C = Vault XP percentage of total XP
 D = Non-vault monster count
 E = Vault monster count
 F = Vault count percentage of total count
                 A         B        C        D         E       F
            +---------+---------+-------+---------+---------+-------
      Total |     109 |      18 |  14.2 |      33 |       1 |   2.9
            +---------+---------+-------+---------+---------+-------
        D:1 |      14 |       0 |   0.0 |       8 |       0 |   0.0
        D:2 |      14 |       0 |   0.0 |       9 |       0 |   0.0
        D:3 |      81 |      18 |  18.2 |      16 |       1 |   5.9
            +---------+---------+-------+---------+---------+-------
